AA
ST. PAUL SAINTS @ SIOUX FALLS CANARIES
09/12/2068
 
TOP OF THE 1ST
Arkansas Travelers batting - Pitching for Corpus Christi Hooks : RHP Chris George
Pitching: RHP Chris George
Batting: RHB Jose Valencia 0-0: Ball
1-0: Ball
2-0: Called Strike
2-1: Swinging Strike
2-2: Strikes out swinging
Batting: RHB Juan Barrios 0-0: Called Strike
0-1: Called Strike
0-2: Ball
1-2: Foul Ball, location: 2F
1-2: Ball
2-2: SINGLE (Flyball, 34D, EV 87.5 MPH)
Batting: SHB Chris Banks 0-0: Called Strike
0-1: Called Strike
0-2: TRIPLE (Flyball, 89XD, EV 98.1 MPH)
Juan Barrios scores
Batting: RHB Mike Coleman 0-0: Ball
1-0: Foul Ball, location: 2F
1-1: Foul Ball, location: 2F
1-2: Fly out, F9 (Flyball, 9S, EV 88.8 MPH)
Batting: LHB Josh Lord 0-0: Ball
1-0: Foul Ball, location: 2F
1-1: Ball
2-1: Swinging Strike
2-2: Strikes out swinging
Top of the 1st over - 1 run, 2 hits, 0 errors, 1 left on base; Arkansas 1 - Corpus Christi 0
BOTTOM OF THE 1ST
Corpus Christi Hooks batting - Pitching for Arkansas Travelers : RHP Elijah Harris
Pitching: RHP Elijah Harris
Batting: RHB Rob Markham 0-0: Foul Ball, location: 2F
0-1: Ball
1-1: Ball
2-1: Ball
3-1: Foul Ball, location: 2F
3-2: SINGLE (Groundball, 5S, EV 61.3 MPH) (infield hit)
Batting: RHB Jimmy Jurek 0-0: Swinging Strike
0-1: Fielders Choice at 2nd, 5-4 (Groundball, 5L, EV 105.0 MPH)
Batting: RHB Javier Fuentes 0-0: Ball
1-0: Swinging Strike
1-1: Swinging Strike
1-2: Ball
2-2: Foul Ball, location: 2F
2-2: Foul Ball, location: 2F
2-2: Fielders Choice at 2nd, 6-4 (Groundball, 6, EV 87.5 MPH)
Batting: LHB Vince Sydow 0-0: Called Strike
Javier Fuentes is caught stealing 2nd base 2-6
Bottom of the 1st over - 0 runs, 1 hit, 0 errors, 0 left on base; Arkansas 1 - Corpus Christi 0
TOP OF THE 2ND
Arkansas Travelers batting - Pitching for Corpus Christi Hooks : RHP Chris George
Batting: SHB Emilio Flores 0-0: Called Strike
0-1: Ball
1-1: Ground out 4-3 (Groundball, 4, EV 86.3 MPH)
Batting: RHB Raul Garcia 0-0: Called Strike
0-1: Called Strike
0-2: Strikes out swinging
Batting: RHB Josh White 0-0: Called Strike
0-1: Ball
1-1: Ball
2-1: Foul Ball, location: 2F
2-2: Ball
3-2: Strikes out swinging
Top of the 2nd over - 0 runs, 0 hits, 0 errors, 0 left on base; Arkansas 1 - Corpus Christi 0
BOTTOM OF THE 2ND
Corpus Christi Hooks batting - Pitching for Arkansas Travelers : RHP Elijah Harris
Batting: LHB Vince Sydow 0-0: Called Strike
0-1: Ball
1-1: SOLO HOME RUN (Flyball, 89XD, EV 107.5 MPH), Distance : 447 ft
Batting: RHB Brian Jennings 0-0: Ball
1-0: Foul Ball, location: 2F
1-1: Ball
2-1: Called Strike
2-2: Ball
3-2: Foul Ball, location: 2F
3-2: Foul Ball, location: 2F
3-2: Foul Ball, location: 2F
3-2: TRIPLE (Line Drive, 78XD, EV 101.3 MPH)
Batting: RHB Juan Gloria 0-0: Foul Ball, location: 2F
0-1: Ball
1-1: Fly out, F8 (Line Drive, 8RM, EV 90.6 MPH)
Runner from 3rd tags up, SCORES, no throw by CF
Batting: LHB Nicholas Trevelyan 0-0: Called Strike
0-1: SINGLE (Line Drive, 8LS, EV 90.0 MPH)
Batting: RHB Carlos Sanchez 0-0: Ball
1-0: Ball
2-0: SINGLE (Line Drive, 9S, EV 88.1 MPH)
Nicholas Trevelyan to second
Runner from 2nd tries for 3rd, SAFE, throw by RF made to third
Batting: RHB Kennan Crousse 0-0: Swinging Strike
0-1: Ball
1-1: Fielders Choice at 2nd, 3-6 (Groundball, 34, EV 88.8 MPH)
Nicholas Trevelyan scores
Batting: RHB Rob Markham 0-0: Ground out 5-3 (Groundball, 56S, EV 75.0 MPH)
Bottom of the 2nd over - 3 runs, 4 hits, 0 errors, 1 left on base; Arkansas 1 - Corpus Christi 3
TOP OF THE 3RD
Arkansas Travelers batting - Pitching for Corpus Christi Hooks : RHP Chris George
Batting: LHB Allen Payton 0-0: Called Strike
0-1: Foul Ball, location: 2F
0-2: Ball
1-2: Strikes out swinging
Batting: RHB Jose Valencia 0-0: Called Strike
0-1: Fly out, F5 (Line Drive, 5, EV 63.1 MPH)
Batting: RHB Juan Barrios 0-0: Called Strike
0-1: Ball
1-1: Foul Ball, location: 2F
1-2: Ground out 5-3 (Groundball, 5, EV 78.8 MPH)
Top of the 3rd over - 0 runs, 0 hits, 0 errors, 0 left on base; Arkansas 1 - Corpus Christi 3
BOTTOM OF THE 3RD
Corpus Christi Hooks batting - Pitching for Arkansas Travelers : RHP Elijah Harris
Batting: RHB Jimmy Jurek 0-0: Foul Ball, location: 2F
0-1: Ball
1-1: Ball
2-1: Ground out 4-3 (Groundball, 4, EV 97.5 MPH)
Batting: RHB Javier Fuentes 0-0: Foul Ball, location: 2F
0-1: Ball
1-1: Ground out U3 (Groundball, 3, EV 91.9 MPH)
Batting: LHB Vince Sydow 0-0: Ball
1-0: Ball
2-0: Ball
3-0: Base on Balls
Batting: RHB Brian Jennings 0-0: Swinging Strike
0-1: Called Strike
0-2: Ball
1-2: Foul Ball, location: 2F
1-2: 2-RUN HOME RUN (Flyball, 7D, EV 100.0 MPH), Distance : 371 ft
Pitching: RHP Matt Stevens
Batting: RHB Juan Gloria 0-0: Ball
1-0: Ball
2-0: Ball
3-0: Called Strike
3-1: Base on Balls
Batting: LHB Nicholas Trevelyan 0-0: Called Strike
0-1: Ball
1-1: Swinging Strike
1-2: Strikes out swinging
Bottom of the 3rd over - 2 runs, 1 hit, 0 errors, 1 left on base; Arkansas 1 - Corpus Christi 5
TOP OF THE 4TH
Arkansas Travelers batting - Pitching for Corpus Christi Hooks : RHP Chris George
Batting: SHB Chris Banks 0-0: Foul Ball, location: 2F
0-1: Ball
1-1: Ball
2-1: Ball
3-1: Base on Balls
Batting: RHB Mike Coleman Pickoff Throw to First - Out! 1-3
0-0: Ball
1-0: Called Strike
1-1: Ball
2-1: Foul Ball, location: 2F
2-2: Strikes out swinging
Batting: LHB Josh Lord 0-0: Hit by Pitch
Batting: SHB Emilio Flores 0-0: Ball
1-0: Ball
2-0: Foul Ball, location: 2F
2-1: Foul Ball, location: 2F
2-2: Fielders Choice at 2nd, 6-4 (Groundball, 6, EV 86.9 MPH)
Top of the 4th over - 0 runs, 0 hits, 0 errors, 1 left on base; Arkansas 1 - Corpus Christi 5
BOTTOM OF THE 4TH
Corpus Christi Hooks batting - Pitching for Arkansas Travelers : RHP Matt Stevens
Batting: RHB Carlos Sanchez 0-0: Called Strike
0-1: Ball
1-1: Swinging Strike
1-2: Ball
2-2: Strikes out swinging
Batting: RHB Kennan Crousse 0-0: Foul Ball, location: 2F
0-1: Ball
1-1: Ball
2-1: Foul Ball, location: 2F
2-2: Ball
3-2: SINGLE (Groundball, 56S, EV 65.0 MPH) (infield hit)
Batting: RHB Rob Markham 0-0: Ball
1-0: Fly out, F9 (Flyball, 9S, EV 90.0 MPH)
Batting: RHB Jimmy Jurek 0-0: Ball
1-0: Swinging Strike
1-1: SINGLE (Line Drive, 7S, EV 87.5 MPH)
Kennan Crousse to second
Batting: RHB Javier Fuentes 0-0: Ball
1-0: Ball
2-0: Ball
3-0: Base on Balls
Kennan Crousse to third
Jimmy Jurek to second
Batting: LHB Vince Sydow 0-0: Ball
1-0: Foul Ball, location: 2F
1-1: Ball
2-1: Foul Ball, location: 2F
2-2: Ball
3-2: Base on Balls
Kennan Crousse scores
Jimmy Jurek to third
Javier Fuentes to second
Batting: RHB Brian Jennings 0-0: Fielders Choice at 2nd, U4 (Groundball, 4M, EV 84.4 MPH)
Bottom of the 4th over - 1 run, 2 hits, 0 errors, 3 left on base; Arkansas 1 - Corpus Christi 6
TOP OF THE 5TH
Arkansas Travelers batting - Pitching for Corpus Christi Hooks : RHP Chris George
Batting: RHB Raul Garcia 0-0: Called Strike
0-1: Foul Ball, location: 2F
0-2: Foul Ball, location: 2F
0-2: Strikes out swinging
Batting: RHB Josh White 0-0: Ground out 5-3 (Groundball, 56, EV 83.8 MPH)
Batting: LHB Allen Payton 0-0: Ball
1-0: Called Strike
1-1: Swinging Strike
1-2: Foul Ball, location: 2F
1-2: Hit by Pitch
Batting: RHB Jose Valencia 0-0: Ball
1-0: Fielders Choice at 2nd, 5-4 (Groundball, 56, EV 85.6 MPH)
Top of the 5th over - 0 runs, 0 hits, 0 errors, 1 left on base; Arkansas 1 - Corpus Christi 6
BOTTOM OF THE 5TH
Corpus Christi Hooks batting - Pitching for Arkansas Travelers : RHP Matt Stevens
Batting: RHB Juan Gloria 0-0: Called Strike
0-1: Ball
1-1: Foul Ball, location: 2F
1-2: SOLO HOME RUN (Flyball, 7LD, EV 103.1 MPH), Distance : 354 ft
Batting: LHB Nicholas Trevelyan 0-0: Ball
1-0: Called Strike
1-1: Ball
2-1: Foul Ball, location: 2F
2-2: Ball
3-2: Foul Ball, location: 2F
3-2: SINGLE (Groundball, 6M, EV 88.8 MPH) (infield hit)
Batting: RHB Carlos Sanchez 0-0: Swinging Strike
0-1: Ball
1-1: Swinging Strike
1-2: Foul Ball, location: 2F
1-2: Ball
2-2: Fielders Choice at 2nd, 6-4 (Groundball, 6, EV 82.5 MPH)
Batting: RHB Kennan Crousse 0-0: Foul Ball, location: 2F
0-1: Ball
1-1: Foul Ball, location: 2F
1-2: Foul Ball, location: 2F
1-2: Strikes out swinging
Batting: RHB Rob Markham 0-0: Called Strike
0-1: Swinging Strike
0-2: Ball
1-2: Fly out, F8 (Flyball, 8RXD, EV 83.1 MPH)
Bottom of the 5th over - 1 run, 2 hits, 0 errors, 1 left on base; Arkansas 1 - Corpus Christi 7
TOP OF THE 6TH
Arkansas Travelers batting - Pitching for Corpus Christi Hooks : RHP Chris George
Batting: RHB Juan Barrios 0-0: Ball
1-0: Ground out 5-3 (Groundball, 5, EV 103.8 MPH)
Batting: SHB Chris Banks 0-0: Ball
1-0: Foul Ball, location: 2F
1-1: Swinging Strike
1-2: Ball
2-2: Foul Ball, location: 2F
2-2: Strikes out looking
Batting: RHB Mike Coleman 0-0: Ball
1-0: Ball
2-0: Fly out, F9 (Flyball, 89S, EV 73.1 MPH)
Top of the 6th over - 0 runs, 0 hits, 0 errors, 0 left on base; Arkansas 1 - Corpus Christi 7
BOTTOM OF THE 6TH
Corpus Christi Hooks batting - Pitching for Arkansas Travelers : RHP Matt Stevens
Batting: RHB Jimmy Jurek 0-0: Ball
1-0: SINGLE (Line Drive, 8LS, EV 104.4 MPH)
Pitching: LHP Carlos Burnias
Batting: RHB Javier Fuentes 0-0: Ball
1-0: Fly out, F6 (Flyball, 6D, EV 86.9 MPH)
Batting: LHB Vince Sydow 0-0: Foul Ball, location: 2F
0-1: Foul Ball, location: 2F
0-2: Hit by Pitch
Jimmy Jurek to second
Batting: RHB Brian Jennings 0-0: Called Strike
0-1: Called Strike
0-2: Fly out, F7 (Flyball, 7, EV 86.9 MPH)
Batting: RHB Juan Gloria 0-0: Called Strike
0-1: Fly out, F3 (Popup, 3SF, EV 71.9 MPH)
Bottom of the 6th over - 0 runs, 1 hit, 0 errors, 2 left on base; Arkansas 1 - Corpus Christi 7
TOP OF THE 7TH
Arkansas Travelers batting - Pitching for Corpus Christi Hooks : RHP Chris George
Batting: LHB Josh Lord 0-0: Ball
1-0: SINGLE (Groundball, 34D, EV 107.5 MPH)
Batting: SHB Emilio Flores 0-0: Ball
1-0: Called Strike
1-1: Foul Ball, location: 2F
1-2: Ball
2-2: SINGLE (Line Drive, 78S, EV 101.9 MPH)
Josh Lord to second
Batting: RHB Raul Garcia 0-0: Ball
1-0: Swinging Strike
1-1: Fly out, F8 (Flyball, 8RD, EV 85.0 MPH)
Pitching: RHP Rodrigo Ocampo
Batting: RHB Josh White 0-0: Swinging Strike
0-1: Foul Ball, location: 2F
0-2: Grounds into double play, 6-4-3 (Groundball, 6, EV 99.4 MPH)
Top of the 7th over - 0 runs, 2 hits, 0 errors, 1 left on base; Arkansas 1 - Corpus Christi 7
BOTTOM OF THE 7TH
Corpus Christi Hooks batting - Pitching for Arkansas Travelers : LHP Carlos Burnias
Batting: LHB Nicholas Trevelyan 0-0: Fly out, F8 (Flyball, 8LXD, EV 94.4 MPH)
Batting: RHB Carlos Sanchez 0-0: Ball
1-0: Called Strike
1-1: Swinging Strike
1-2: Ball
2-2: Hit by Pitch
Batting: RHB Kennan Crousse 0-0: Swinging Strike
0-1: Ball
1-1: Ball
2-1: Grounds into double play, 5-4-3 (Groundball, 5, EV 80.6 MPH)
Bottom of the 7th over - 0 runs, 0 hits, 0 errors, 0 left on base; Arkansas 1 - Corpus Christi 7
TOP OF THE 8TH
Arkansas Travelers batting - Pitching for Corpus Christi Hooks : RHP Rodrigo Ocampo
Batting: LHB Allen Payton 0-0: Called Strike
0-1: Ball
1-1: Swinging Strike
1-2: Strikes out swinging
Batting: RHB Jose Valencia 0-0: Called Strike
0-1: Ball
1-1: Ball
2-1: Foul Ball, location: 2F
2-2: Ground out 6-3 (Groundball, 56, EV 109.4 MPH)
Batting: RHB Juan Barrios 0-0: Called Strike
0-1: Called Strike
0-2: Ball
1-2: Ground out 5-3 (Groundball, 56S, EV 87.5 MPH)
Top of the 8th over - 0 runs, 0 hits, 0 errors, 0 left on base; Arkansas 1 - Corpus Christi 7
BOTTOM OF THE 8TH
Corpus Christi Hooks batting - Pitching for Arkansas Travelers : LHP Carlos Burnias
Batting: RHB Rob Markham 0-0: Called Strike
0-1: Called Strike
0-2: Strikes out looking
Batting: RHB Jimmy Jurek 0-0: Ball
1-0: Called Strike
1-1: Ball
2-1: Foul Ball, location: 2F
2-2: Foul Ball, location: 2F
2-2: Ball
3-2: Base on Balls
Batting: RHB Javier Fuentes 0-0: Ground out 6-3 (Groundball, 6S, EV 65.0 MPH)
Jimmy Jurek to second
Batting: LHB Vince Sydow 0-0: Ball
1-0: Ball
2-0: Swinging Strike
2-1: Foul Ball, location: 2F
2-2: Fly out, F8 (Flyball, 8LXD, EV 97.5 MPH)
Bottom of the 8th over - 0 runs, 0 hits, 0 errors, 1 left on base; Arkansas 1 - Corpus Christi 7
TOP OF THE 9TH
Arkansas Travelers batting - Pitching for Corpus Christi Hooks : RHP Rodrigo Ocampo
Batting: SHB Chris Banks 0-0: Called Strike
0-1: Called Strike
0-2: Ball
1-2: Ball
2-2: Strikes out swinging
Batting: RHB Mike Coleman 0-0: Ball
1-0: Called Strike
1-1: SINGLE (Groundball, P, EV 81.9 MPH) (infield hit)
Batting: LHB Josh Lord 0-0: Called Strike
0-1: Foul Ball, location: 2F
0-2: Ball
1-2: Foul Ball, location: 2F
1-2: Strikes out swinging
Batting: SHB Emilio Flores 0-0: Called Strike
0-1: Swinging Strike
0-2: Ball
1-2: Ball
2-2: Ball
3-2: TRIPLE (Flyball, 8LXD, EV 98.1 MPH)
Mike Coleman scores
Pitching: RHP Travis Upchurch
Batting: RHB Raul Garcia 0-0: Called Strike
0-1: Ball
1-1: Called Strike
1-2: Foul Ball, location: 2F
1-2: Strikes out looking
Top of the 9th over - 1 run, 2 hits, 0 errors, 1 left on base; Arkansas 2 - Corpus Christi 7
Sunday, June 20th , 2021 - OOTP Baseball 22.6 Build 56